AoeStats
← rocko8921

Arabia

510402575Analyzed
1v1 RM · 1d ago on Sep 30, 2026· 29m 0s· 2 players
Game mode
Random Map
Map size
Tiny (2 player)
Population
200
Speed
Normal
Resources
Standard
Victory
Conquest
Starting age
Dark Age
Ending age
Imperial Age
RankedLock teamsTeams togetherTeam positionsShared explorationLock speedFull tech treeHidden civsTurbo modeCheats
Victory
Defeat
🇪🇸 Persians · Spain
573
+16
🇲🇽 Aztecs · Mexico
579
-16
luismi
9:42 Feudal Age
7:59 Loom
17:01 Fletching
19:07 Bloodlines
25:45 Castle Age
26:09 Crossbowman
rocko8921
0:36 Loom
11:55 Feudal Age
12:19 Horse Collar
12:27 Double-Bit Axe
17:07 Arson
18:27 Padded Archer Armor
18:29 Scale Mail Armor
21:43 Fletching
25:50 Forging
28:17 Castle Age
29:13 Gambesons
29:29 Squires
Connection lost

Rejoining the realm…

Still unreachable

The connection could not be restored.

Session expired

The server has moved on; the page needs a fresh start.